 Dungeon Crawl Stone Soup version 0.19-a0-1225-gf887c1c (webtiles) character file.

136324 nubinia the Devastator (level 17, -5/90 HPs)
             Began as a Tengu Conjurer on Aug 21, 2016.
             Was a High Priest of Sif Muna.
             Killed by divine providence
             ... invoked by Saint Roka
              (8 damage)
             ... on level 2 of the Elven Halls on Aug 25, 2016.
             The game lasted 05:58:41 (51118 turns).

nubinia the Devastator (Tengu Conjurer)            Turns: 51118, Time: 05:58:42

Health: -5/90      AC: 14    Str:  6    XL:     17   Next: 21%
Magic:  24/35      EV: 33    Int: 22    God:    Sif Muna [*****.]
Gold:   817        SH:  7    Dex: 20    Spells: 11 memorised, 2 levels left

rFire  . . .     SeeInvis .     a - +8 morningstar (protect)
rCold  . . .     Gourm    .     C - +1 robe "Awno Meo" {+Blink rPois rN+++ Str-3}
rNeg   + + +     Faith    .     z - +2 buckler
rPois  +         Spirit   .     (helmet restricted)
rElec  .         Dismiss  .     Q - +2 cloak {MR+}
rCorr  .         Reflect  .     Y - +2 pair of gloves
MR     ++...     Harm     .     (boots unavailable)
Stlth  +++++.....               (no amulet)
                                e - +4 ring of evasion
                                t - ring of the Lily {rPois rN+ Slay+2}

@: agile, about to teleport, flying quickly and evasively, divine energy, quick
A: beak, talons 3, able to fly 2
a: Stop Flying, Stop Divine Energy, Channel Magic, Forget Spell, Renounce
Religion, Evoke Blink


You were on level 2 of the Elven Halls.
You worshipped Sif Muna.
Sif Muna was extremely pleased with you.
You were not hungry.

You visited 6 branches of the dungeon, and saw 25 of its levels.
You also visited: Sewer, Ice Cave and Volcano.

You collected 3032 gold pieces.
You spent 2215 gold pieces at shops.

Inventory:

Hand Weapons
 a - a +8 morningstar of protection (weapon)
 b - a +0 blowgun
 B - the +2 rapier of Generosity {pierce, MR+}
   (You took it off a centaur warrior on level 11 of the Dungeon)

   It inflicts extra damage upon your enemies.
   It affects your resistance to hostile enchantments.
Missiles
 l - 2 javelins of penetration (quivered)
 K - 14 curare-tipped needles
Armour
 z - a +2 buckler (worn)
 C - the +1 robe "Awno Meo" (worn) {+Blink rPois rN+++ Str-3}
   (You acquired it on level 10 of the Dungeon)

   It affects your strength (-3).
   It protects you from poison.
   It renders you almost immune to negative energy.
   It lets you blink.
 E - the +2 leather armour "Asumpeumn" {+Fly rElec rC+ MP-9}
   (You bought it in a shop on level 2 of the Orcish Mines)

   It protects you from cold.
   It insulates you from electricity.
   It affects your magic capacity (-9).
   It lets you fly.
 Q - a +2 cloak of magic resistance (worn)
 Y - a +2 pair of gloves (worn)
Jewellery
 e - a +4 ring of evasion (right hand)
 o - the amulet "Pynkel" {Inacc rElec rF+ Dex+2 Stlth-}
   (You bought it in a shop on level 5 of the Dungeon)

   [amulet of inaccuracy]

   It reduces the accuracy of all your attacks.
   It affects your dexterity (+2).
   It protects you from fire.
   It insulates you from electricity.
   It makes you less stealthy.
 t - the ring of the Lily (left hand) {rPois rN+ Slay+2}
   (You bought it in a shop on level 5 of the Dungeon)

   [ring of positive energy]

   It affects your accuracy and damage with ranged weapons and melee attacks
   (+2).
   It protects you from poison.
   It protects you from negative energy.
 u - an uncursed ring of resist corrosion
 S - an uncursed ring of see invisible
 T - an uncursed ring of protection from cold
Wands
 j - a wand of iceblast (2/15)
 r - a wand of iceblast (5/15)
 v - a wand of heal wounds (2/9)
 D - a wand of acid (10/15)
 H - a wand of acid (6/15)
Scrolls
 h - a scroll of identify
 i - 8 scrolls of teleportation
 m - 4 scrolls of recharging
 s - a scroll of fear
 N - a scroll of magic mapping
 V - 8 scrolls of remove curse
 Z - a scroll of blinking
Potions
 d - 4 potions of brilliance
 f - 11 potions of curing
 k - a potion of berserk rage
 p - 4 potions of heal wounds
 q - a potion of agility
 A - 3 potions of magic
 U - a potion of haste
 X - 3 potions of might
Miscellaneous
 M - a lamp of fire
 W - 2 phantom mirrors
Comestibles
 c - 6 bread rations
 g - 14 meat rations


   Skills:
 + Level 4.9 Fighting
 + Level 3.4 Maces & Flails
   Level 4.5 Polearms
 - Level 5.0 Throwing
 + Level 8.3 Dodging
 + Level 7.3 Stealth
 + Level 2.9 Shields
 + Level 13.0 Spellcasting
 * Level 18.9 Conjurations
 + Level 1.0 Hexes
 + Level 5.0 Charms
 * Level 4.0 Summonings
 + Level 0.8 Translocations
 + Level 9.4 Fire Magic
 * Level 17.4 Air Magic
 - Level 2.4 Poison Magic
 + Level 0.6 Invocations
 + Level 1.0 Evocations


You had 2 spell levels left.
You knew the following spells:

 Your Spells              Type           Power        Failure   Level  Hunger
a - Magic Dart            Conj           ####         0%          1    None
b - Airstrike             Air            ######....   1%          4    None
c - Mephitic Cloud        Conj/Pois/Air  ######..     1%          3    None
d - Iskenderun's Mystic   Conj           #######.     1%          4    None
e - Throw Flame           Conj/Fire      ######       1%          2    None
f - Force Lance           Conj/Tloc      ######..     1%          4    None
g - Sticky Flame          Conj/Fire      ######..     1%          4    None
h - Deflect Missiles      Chrm/Air       ######....   10%         6    #####..
i - Iskenderun's Battles  Conj/Chrm      ######..     1%          5    ###....
j - Summon Lightning Spi  Summ/Air       ######..     1%          4    None
A - Dazzling Spray        Conj/Hex       ######       1%          3    None


Dungeon Overview and Level Annotations

Branches:
Dungeon (12/15)            Temple (1/1) D:6            Lair (6/6) D:9
 Shoals (2/4) Lair:2        Snake (0/4) Lair:3        Slime (0/5) Lair:6
    Orc (2/2) D:9             Elf (2/3) Orc:2

Altars:
Ashenzari
Cheibriados
Dithmenos
Elyvilon
Fedhas
Gozag
Hepliaklqana
Nemelex Xobeh
Qazlal
Sif Muna
Trog
Uskayaw
Vehumet
Xom
The Shining One
Jiyva

Shops:
D:5 =   D:10 ?*}   Orc:2 [:}=   Elf:1 %   Elf:2 :   Shoals:1 ?   Shoals:2 !

Portals:
Trove: D:10 (show abyssal rune of Zot)

Annotations:
D:4 Blork the orc
Orc:1 Erolcha
Elf:2 Azrael, Saint Roka


Innate Abilities, Weirdness & Mutations

You have a beak for a mouth.
You have claws for feet.
You can fly continuously.


Message History

The battleaxe of chopping misses you.
Saint Roka roars a battlecry!
The orcs go into a battle-frenzy!
An orc and an orc warrior come into view.
Saint Roka mumbles some strange prayers to Beogh against you.
Beogh smites you!
* * * LOW HITPOINT WARNING * * *
You feel much better. The battleaxe of chopping misses you.
Saint Roka says, "Down here, you're an orc or you're nobody."
Saint Roka invokes the aid of Beogh against you.
Beogh smites you!
* * * LOW HITPOINT WARNING * * *
You feel agile all of a sudden. The battleaxe of draining hits you.
* * * LOW HITPOINT WARNING * * *
The battleaxe of chopping hits you!
* * * LOW HITPOINT WARNING * * *
x2 Saint Roka invokes the aid of Beogh against you.
Beogh smites you!
You die...

.........# o
##........# (o
##..........
ooo#...........
.o.o...e.....
.ooo.......
.o.......#
.......(##
.......(@#
................
................
...#...........#
.. ##..........#
. ##........##
.........#
...........


You could see Saint Roka, a deep elf knight, 4 orc warriors, 2 dancing weapons,
an orc wizard and 3 orcs.

Vanquished Creatures
  Nikola (Elf:1)
  A kraken (Shoals:1)
  Roxanne (Elf:2)
  Kirke (Lair:5)
  2 very ugly things (IceCv)
  A deep elf demonologist (Elf:1)
  A deep elf annihilator (Orc:2)
  A dire elephant (Lair:5)
  An ettin (Orc:2)
  A deep elf high priest (Elf:1)
  3 ogre magi
  2 merfolk impalers (Shoals:2)
  3 hydras
  Harold (Lair:4)
  A catoblepas (Lair:6)
  Erica (D:8)
  2 merfolk aquamancers (Shoals:1)
  A centaur warrior (D:11)
  2 merfolk avatars (Shoals:2)
  3 dancing weapons
  5 death yaks
  An orc high priest (Orc:1)
  Sonja (Orc:2)
  5 deep elf knights
  A giant orange brain (D:12)
  2 sea snakes (Shoals:1)
  3 unseen horrors (D:11)
  5 deep elf archers
  A necromancer (Lair:4)
  9 hill giants
  An orc knight (Orc:1)
  17 harpies
  5 orc sorcerers
  28 deep elf magi
  5 griffons
  3 ugly things (D:11)
  2 fauns (Shoals:1)
  8 cyclopes
  5 manticores
  A centaur zombie (D:12)
  29 elephants
  5 ice statues (IceCv)
  4 water nymphs
  4 black mambas
  A guardian serpent (shapeshifter) (Elf:1)
  2 sirens (Shoals:1)
  A gargoyle (D:10)
  8 spiny frogs
  4 demonic crawlers (D:12)
  6 komodo dragons
  2 rime drakes
  An anaconda simulacrum (IceCv)
  2 golden dragon simulacra (IceCv)
  A guardian mummy (Volcano)
  10 polar bears
  10 merfolk
  15 trolls
  2 wind drakes
  A slime creature (D:12)
  7 two-headed ogres
  7 blink frogs
  A minotaur skeleton (Volcano)
  4 snapping turtles
  2 boulder beetles
  2 meliai zombies
  A redback (Lair:6)
  2 flying skulls (Volcano)
  13 spriggans (Lair:6)
  A dire elephant simulacrum (IceCv)
  An air elemental (Elf:1)
  3 water elementals (Shoals:1)
  3 vampires (Volcano)
  2 hogs (Lair:5)
  A wyvern (Lair:5)
  25 yaks
  A hill giant skeleton (Volcano)
  9 hippogriffs
  A vampire mosquito (D:12)
  A basilisk (shapeshifter) (Elf:1)
  A basilisk (D:12)
  5 wargs
  2 iron troll simulacra (IceCv)
  Menkaure (D:7)
  A harpy simulacrum (IceCv)
  4 nagas (Lair:3)
  A mottled dragon (D:11)
  A soldier ant (D:12)
  3 hell hounds
  12 water moccasins
  A hydra simulacrum (IceCv)
  A giant eyeball (D:12)
  Duvessa (D:7)
  6 porcupines
  21 orc warriors
  3 small abominations (D:12)
  6 ice beasts
  3 sky beasts
  2 black bears
  4 phantoms
  An eye of draining (D:10)
  A necrophage (D:10)
  2 boggarts (Lair:6)
  A manticore skeleton (Volcano)
  31 ogres
  49 wolves
  2 centaurs
  6 wasps (Lair:6)
  19 crocodiles
  2 big kobolds
  16 giant frogs
  A gnoll sergeant (D:8)
  A wyvern skeleton (D:12)
  6 scorpions
  Dowan (D:7)
  10 killer bees
  2 spriggan skeletons (Volcano)
  A wight (D:11)
  2 howler monkeys
  A troll skeleton (Volcano)
  A giant frog zombie (D:9)
  3 crimson imps
  A quasit (D:7)
  9 hounds
  7 jellies
  18 orc priests
  A centaur skeleton (Volcano)
  3 gnoll shamans (D:6)
  Jessica (D:3)
  7 iguanas
  23 orc wizards
  8 worker ants
  2 yak simulacra (Lair:4)
  3 wolf simulacra (Lair:4)
  A polar bear simulacrum (Lair:4)
  25 sheep
  3 naga skeletons (Volcano)
  A hound zombie (D:11)
  2 hound skeletons
  2 mummies (Volcano)
  46 gnolls
  A howler monkey skeleton (D:4)
  15 adders
  72 river rats
  4 shadow imps
  3 oozes (Lair:6)
  2 adder zombies
  2 worms (D:3)
  2 dart slugs
  7 giant geckos
  89 orcs
  6 giant cockroaches
  9 goblins
  7 hobgoblins
  33 jackals
  6 quokkas
  2 ball pythons
  9 bats
  2 giant gecko skeletons
  2 giant newts (D:3)
  11 kobolds
  A quokka skeleton (D:5)
  12 rats
  3 river rat simulacra (Lair:4)
  A fungus (Lair:6)
  A tentacle (Shoals:1)
1036 creatures vanquished.

Vanquished Creatures (collateral kills)
  An iron troll simulacrum (IceCv)
  5 ice beasts (IceCv)
  A gnoll shaman (D:6)
  A gnoll (D:6)
8 creatures vanquished.

Vanquished Creatures (others)
  2 deep elf magi (Elf:1)
  2 humans (Lair:5)
  An ogre (Orc:2)
  An orc priest (Orc:2)
  An orc wizard (D:6)
  15 fungi
  15 plants
  27 tentacles (Shoals:1)
64 creatures vanquished.

Grand Total: 1108 creatures vanquished

Notes
Turn   | Place    | Note
-------+----------+-------------------------------------------
     0 | D:1      | nubinia the Tengu Conjurer began the quest for the Orb.
     0 | D:1      | Reached XP level 1. HP: 10/10 MP: 4/4
   277 | D:1      | Reached XP level 2. HP: 15/15 MP: 3/6
   481 | D:1      | Reached skill level 6 in Conjurations
  1096 | D:2      | Reached XP level 3. HP: 19/19 MP: 5/7
  1101 | D:2      | Learned a level 3 spell: Dazzling Spray
  1456 | D:2      | Reached XP level 4. HP: 24/24 MP: 2/8
  1813 | D:2      | Found a stormy altar of Qazlal.
  1815 | D:2      | Found a blossoming altar of Fedhas.
  1819 | D:2      | Found a bloodstained altar of Trog.
  1880 | D:2      | Reached skill level 7 in Conjurations
  2209 | D:3      | Found a hide-covered altar of Uskayaw.
  2318 | D:3      | Found a glowing drain.
  2326 | Sewer    | Entered a sewer
  2353 | Sewer    | Gained mutation: You can fly. [Tengu growth]
  2353 | Sewer    | Reached XP level 5. HP: 28/28 MP: 1/9
  2480 | Sewer    | Noticed a big kobold
  2713 | Sewer    | Killed a big kobold
  2847 | Sewer    | Found a white marble altar of Elyvilon.
  3257 | D:3      | Learned a level 2 spell: Searing Ray
  3306 | D:3      | Found a shattered altar of Ashenzari.
  3669 | D:3      | Reached XP level 6. HP: 32/32 MP: 2/11
  4129 | D:3      | Found a faded altar of an unknown god.
  4137 | D:3      | Noticed Jessica
  4144 | D:3      | Killed Jessica
  4296 | D:3      | Learned a level 4 spell: Iskenderun's Mystic Blast
  4863 | D:4      | Noticed Blork the orc
  5283 | D:5      | Entered Level 5 of the Dungeon
  5460 | D:5      | Found a sparkling altar of Nemelex Xobeh.
  5594 | D:5      | Found Limnups's Jewellery Emporium.
  5742 | D:5      | Noticed a phantom
  5839 | D:5      | Killed a phantom
  5839 | D:5      | Reached skill level 1 in Throwing
  5839 | D:5      | Reached XP level 7. HP: 37/37 MP: 5/14
  5933 | D:5      | Reached skill level 8 in Conjurations
  6755 | D:6      | Reached XP level 8. HP: 42/42 MP: 11/15
  6760 | D:6      | Learned a level 3 spell: Mephitic Cloud
  6967 | D:6      | Reached skill level 1 in Fighting
  7119 | D:5      | Upgraded the game from 0.19-a0-1206-g6bcb79c to 0.19-a0-1210-g5c1aa26
  7302 | D:6      | Reached skill level 1 in Air Magic
  7569 | D:6      | Reached skill level 9 in Conjurations
  8257 | D:6      | Found a staircase to the Ecumenical Temple.
  8266 | Temple   | Entered the Ecumenical Temple
  8274 | Temple   | Became a worshipper of Sif Muna the Loreminder
  8818 | D:6      | Reached skill level 5 in Spellcasting
  9008 | D:6      | Reached skill level 1 in Polearms
  9197 | D:6      | Reached * piety under Sif Muna
  9225 | D:6      | Reached XP level 9. HP: 47/47 MP: 8/17
  9505 | D:6      | Reached skill level 10 in Conjurations
 10058 | D:7      | Learned a level 5 spell: Iskenderun's Battlesphere
 10104 | D:7      | Noticed Duvessa
 10104 | D:7      | Noticed Dowan
 10126 | D:7      | Killed Dowan
 10131 | D:7      | Killed Duvessa
 10267 | D:7      | Found a radiant altar of Vehumet.
 10374 | D:7      | Reached skill level 5 in Dodging
 10605 | D:7      | Noticed Menkaure
 10718 | D:7      | Reached ** piety under Sif Muna
 10802 | D:7      | Killed Menkaure
 10802 | D:7      | Reached skill level 1 in Charms
 10922 | D:7      | Reached skill level 5 in Air Magic
 11290 | D:8      | Reached skill level 11 in Conjurations
 11290 | D:8      | Reached skill level 1 in Poison Magic
 11477 | D:8      | Reached XP level 10. HP: 45/54 MP: 6/19
 11828 | D:8      | Noticed Erica
 12001 | D:8      | Killed Erica
 12001 | D:8      | Reached skill level 5 in Throwing
 12230 | D:9      | Found a staircase to the Lair.
 12244 | D:9      | Reached *** piety under Sif Muna
 12511 | D:9      | Found a hazy altar of Hepliaklqana.
 12721 | D:9      | Found a staircase to the Orcish Mines.
 12898 | D:9      | Reached skill level 5 in Stealth
 12963 | Lair:1   | Entered Level 1 of the Lair of Beasts
 13499 | Lair:1   | Reached skill level 1 in Shields
 13695 | Lair:1   | Reached skill level 12 in Conjurations
 13876 | Lair:1   | Reached XP level 11. HP: 59/59 MP: 13/22
 14002 | Lair:1   | Reached **** piety under Sif Muna
 14340 | Lair:1   | Learned a level 4 spell: Airstrike
 14626 | Lair:1   | Noticed an eight-headed hydra
 14672 | Lair:1   | Killed an eight-headed hydra
 15250 | Lair:2   | Reached skill level 13 in Conjurations
 15604 | Lair:2   | Found a staircase to the Shoals.
 15959 | D:5      | Bought the ring of the Lily {rPois rN+ Slay+2} for 435 gold pieces
 16784 | Lair:2   | Reached ***** piety under Sif Muna
 17068 | Lair:2   | Upgraded the game from 0.19-a0-1210-g5c1aa26 to 0.19-a0-1216-g363869b
 17152 | Lair:3   | Identified Lyfipn's Guide on Blistering Hexes (Sif Muna gifted it to you on level 3 of the Lair of Beasts)
 17152 | Lair:3   | Received a gift from Sif Muna
 17289 | Lair:3   | Found a staircase to the Snake Pit.
 17822 | Lair:3   | Reached skill level 14 in Conjurations
 17835 | Lair:3   | Reached XP level 12. HP: 64/64 MP: 0/24
 17965 | Lair:3   | Learned a level 2 spell: Throw Flame
 18291 | Lair:4   | Reached skill level 1 in Fire Magic
 19692 | Lair:4   | Noticed Harold
 19698 | Lair:4   | Killed Harold
 20464 | Lair:5   | Received a gift from Sif Muna
 20471 | Lair:5   | Learned a level 5 spell: Fireball
 20636 | Lair:5   | Reached skill level 15 in Conjurations
 21165 | Lair:5   | Noticed a seven-headed hydra
 21168 | Lair:5   | Killed a seven-headed hydra
 21365 | Lair:5   | Noticed Kirke
 21392 | Lair:5   | Reached skill level 10 in Air Magic
 21511 | Lair:5   | Killed Kirke
 21511 | Lair:5   | Reached XP level 13. HP: 68/68 MP: 0/27
 21913 | Lair:5   | Noticed a dire elephant
 22745 | Lair:5   | Reached skill level 5 in Fire Magic
 23015 | Lair:4   | Identified Sif Muna's Disquisition on Changing and Execration (Sif Muna gifted it to you on level 4 of the Lair of Beasts)
 23015 | Lair:4   | Received a gift from Sif Muna
 23989 | Lair:5   | Killed a dire elephant
 24607 | Lair:6   | Entered Level 6 of the Lair of Beasts
 24992 | Lair:6   | Reached skill level 16 in Conjurations
 25196 | Lair:6   | Found a runed door.
 25196 | Lair:6   | Found a viscous altar of Jiyva.
 25677 | Lair:6   | Reached skill level 10 in Spellcasting
 26571 | Lair:6   | Gained mutation: You can fly continuously. [Tengu growth]
 26571 | Lair:6   | Reached XP level 14. HP: 74/74 MP: 9/29
 26852 | Lair:6   | Found a staircase to the Slime Pits.
 28270 | Lair:6   | Identified Sif Muna's Papyrus of Blistering Cold (Sif Muna gifted it to you on level 6 of the Lair of Beasts)
 28270 | Lair:6   | Received a gift from Sif Muna
 28276 | Lair:6   | Learned a level 4 spell: Sticky Flame
 29603 | Orc:1    | Entered Level 1 of the Orcish Mines
 29682 | Orc:1    | Found a dark tunnel.
 29775 | Orc:1    | Learned a level 6 spell: Freezing Cloud
 29777 | Volcano  | Entered a volcano
 30814 | D:5      | Bought the amulet "Pynkel" {Inacc rElec rF+ Dex+2 Stlth-} for 223 gold pieces
 30978 | Orc:2    | Entered Level 2 of the Orcish Mines
 31024 | Orc:2    | Noticed Erolcha
 31206 | Orc:2    | Noticed a stone giant
 31296 | D:10     | Entered Level 10 of the Dungeon
 31308 | D:10     | Found Fasusav's General Store.
 31531 | D:10     | Gained mutation: You occasionally shout uncontrollably at your foes. [potion of mutation]
 31531 | D:10     | Gained mutation: Your body sometimes deteriorates upon taking damage. [potion of mutation]
 31531 | D:10     | Gained mutation: You are somewhat resistant to further mutation. [potion of mutation]
 31532 | D:10     | Bought a potion of cure mutation for 275 gold pieces
 31532 | D:10     | Lost mutation: You are somewhat resistant to further mutation. [potion of cure mutation]
 31532 | D:10     | Lost mutation: You occasionally shout uncontrollably at your foes. [potion of cure mutation]
 31532 | D:10     | Lost mutation: Your body sometimes deteriorates upon taking damage. [potion of cure mutation]
 31533 | D:10     | Bought a scroll of acquirement for 572 gold pieces
 31534 | D:10     | Got a brightly glowing robe
 31545 | D:10     | Identified the +1 robe "Awno Meo" {+Blink rPois rN+++ Str-3} (You acquired it on level 10 of the Dungeon)
 31742 | D:10     | Found a portal to a secret trove of treasure.
 31804 | D:10     | Found Yqomin's Magic Scroll Shop.
 32702 | D:10     | Found Bueva's Gadget Boutique.
 33008 | D:11     | Reached skill level 1 in Maces & Flails
 33011 | D:11     | Reached skill level 1 in Evocations
 33273 | D:11     | Reached skill level 17 in Conjurations
 33658 | D:11     | Identified Sif Muna's Handbook of Combat Magic (Sif Muna gifted it to you on level 11 of the Dungeon)
 33658 | D:11     | Received a gift from Sif Muna
 33952 | D:11     | Got a scorched rapier {pierce}
 33953 | D:11     | Identified the cursed +2 rapier of Generosity {pierce, MR+} (You took it off a centaur warrior on level 11 of the Dungeon)
 34194 | D:11     | Got a transparent long sword {pain}
 34195 | D:11     | Identified the cursed +1 long sword "Loli" {pain, rN+ Dex+2} (You took it off an orc on level 11 of the Dungeon)
 34597 | D:11     | Reached XP level 15. HP: 50/80 MP: 31/31
 36166 | D:12     | Identified the Incunabulum of Creative Combat Magic
 36173 | D:12     | Learned a level 4 spell: Force Lance
 36589 | D:12     | Upgraded the game from 0.19-a0-1216-g363869b to 0.19-a0-1225-gf887c1c
 36808 | Shoals:1 | Entered Level 1 of the Shoals
 37441 | Lair:2   | Reached skill level 1 in Hexes
 38037 | Shoals:1 | Received a gift from Sif Muna
 38391 | Shoals:1 | Found Limuxedo's Magic Scroll Boutique.
 39768 | Shoals:1 | Noticed a kraken
 39901 | Shoals:1 | Killed a kraken
 40586 | Shoals:2 | Reached skill level 15 in Air Magic
 40983 | Shoals:2 | Reached skill level 18 in Conjurations
 41016 | Shoals:2 | Found Godghugg's Distillery.
 41305 | Shoals:1 | Learned a level 6 spell: Deflect Missiles
 41640 | Shoals:2 | Reached XP level 16. HP: 84/84 MP: 3/33
 43097 | Orc:1    | Identified Sif Muna's Catalogue of Doomed Attacks (Sif Muna gifted it to you on level 1 of the Orcish Mines)
 43097 | Orc:1    | Received a gift from Sif Muna
 43517 | Orc:2    | Found a staircase to the Elven Halls.
 43517 | Orc:2    | Found Usiown's Jewellery Shop.
 44149 | Orc:2    | Noticed Sonja
 44268 | Orc:2    | Killed Sonja
 44451 | Orc:2    | Found Ennadeag's Gadget Shop.
 44466 | Orc:2    | Found Beleuxet's Book Shoppe.
 44637 | Orc:2    | Found Utait's Antique Armour Boutique.
 44651 | Orc:2    | Bought a tiger eye-studded leather armour for 224 gold pieces
 44651 | Orc:2    | Bought a thick robe for 182 gold pieces
 44651 | Orc:2    | Bought a twisted cloak for 304 gold pieces
 44661 | Orc:2    | Identified the +2 leather armour "Asumpeumn" {+Fly rElec rC+ MP-9} (You bought it in a shop on level 2 of the Orcish Mines)
 44671 | Orc:2    | Identified the cursed -5 robe of Misfortune {-Cast *Contam *Tele *Drain EV-5 Stlth-- *Curse} (You bought it in a shop on level 2 of the Orcish Mines)
 44701 | Orc:2    | Gained mutation: Scrolls take you a little longer to read. [mutagenic glow]
 44744 | Orc:2    | Identified the cursed +0 cloak "Caniat" {-Cast Int+4 Stlth+} (You bought it in a shop on level 2 of the Orcish Mines)
 45398 | Orc:2    | Paralysed by an orc sorcerer for 4 turns
 45569 | Elf:1    | Entered Level 1 of the Elven Halls
 47313 | Elf:1    | Reached skill level 5 in Charms
 47496 | Elf:1    | Noticed Nikola
 47533 | Elf:1    | Killed Nikola
 47533 | Elf:1    | Identified Tukeryan's Incunabulum of Hurtful Creation (Sif Muna gifted it to you on level 1 of the Elven Halls)
 47533 | Elf:1    | Received a gift from Sif Muna
 47539 | Elf:1    | Learned a level 4 spell: Summon Lightning Spire
 47882 | Elf:1    | Reached skill level 1 in Summonings
 47974 | Elf:1    | Identified the +2 ring mail "Geclyel" {rC+++ rCorr MP+9 Slay-3} (You found it on level 1 of the Elven Halls)
 48136 | Elf:1    | Found Agefed Wuu's Food Emporium.
 48977 | Elf:2    | Found a frozen archway.
 48996 | IceCv    | Entered an ice cave
 49222 | IceCv    | Reached XP level 17. HP: 90/90 MP: 10/34
 49272 | IceCv    | Gained mutation: You are resistant to hostile enchantments. (MR+) [mutagenic meat]
 49275 | IceCv    | Gained mutation: Scrolls take you longer to read. [mutagenic meat]
 49290 | IceCv    | Lost mutation: Scrolls take you longer to read. [potion of cure mutation]
 49290 | IceCv    | Lost mutation: Scrolls take you a little longer to read. [potion of cure mutation]
 49290 | IceCv    | Lost mutation: You are resistant to hostile enchantments. (MR+) [potion of cure mutation]
 50316 | Elf:2    | Noticed Roxanne
 50355 | Elf:2    | Killed Roxanne
 50379 | Elf:2    | Noticed Azrael
 50649 | Elf:2    | Found Xenadif's Book Shop.
 50990 | Elf:2    | Found a huge runed gate.
 50990 | Elf:2    | Found a huge runed gate.
 50990 | Elf:2    | Found a huge runed gate.
 50990 | Elf:2    | Found a huge runed gate.
 50990 | Elf:2    | Found a huge runed gate.
 51114 | Elf:2    | Noticed Saint Roka
 51118 | Elf:2    | HP: 3/90 [battleaxe of chopping (3)]
 51118 | Elf:2    | Killed from afar by Saint Roka

Vault maps used:
D:1:      dpeg_arrival_arbitrary_a
D:2:      minitemple, roderic_lattice_a
D:3:      nicolae_ashenzari_panopticon, overflow_temple_1_default, first_bread,
          gup_sewer_entry_bowl, ecumenical_altar_1, serial_bayou_crossing,
          uniq_jessica
D:4:      uniq_blork_the_orc
D:5:      nemelex_altar_shiori, serial_shops,
          nicolae_shop_temple_entry_statues_fountains
D:6:      lemuel_castle_with_subvaults
D:7:      vehumet_crystals, st_stairs_12, uniq_menkaure, uniq_duvessa
D:8:      uniq_erica
D:9:      kennysheep_mini, lair_0_dummy, orc_0_dummy
D:10:     enter_trove_2, serial_shops, shop, shop, shop
D:11:     hangedman_cross_stitches
D:12:     cheibrodos_hippocracy
Temple:   cyrus_circular_temple
Lair:1:   infiniplex_staircase_pool_2, grunt_megastairs_5
Lair:2:   shoals_dummy_entry, serial_bayou_shore_b, infiniplex_staircase_pool
Lair:3:   minmay_snake_entry_guardpost_small
Lair:4:   eino_house_with_fridge, serial_bayou_shore_b, uniq_harold
Lair:5:   beast_lair_carwin_large_1, grunt_megastairs_2, uniq_kirke
Lair:6:   minmay_lair_end_enchanted_forest, slime_altar_2, minivault_23,
          lemuel_fruit_fields
Shoals:1: serial_shops, nicolae_shop_stone
Shoals:2: serial_shops, nicolae_shop_behind_doors, shop_fountains,
          nicolae_shop_crystal
Orc:1:    enter_volcano_2, mines5_lemuel
Orc:2:    st_orc_open, uniq_sonja, uniq_erolcha
Elf:1:    minmay_elf_arrival_plus, serial_shops, shop,
          kennysheep_underground_church, uniq_nikola
Elf:2:    portal_ice_cave_entry_pillars_1, serial_shops, shop, uniq_roxanne,
          uniq_azrael, uniq_saint_roka
Sewer:    sewer_kobolds
IceCv:    ice_cave_statue_garden_chambered
Volcano:  volcano_tomb

Skill      XL: |  1  2  3  4  5  6  7  8  9 10 11 12 13 14 15 16 17 |
---------------+----------------------------------------------------+-----
Conjurations   | 6 7 8 9 11 12 14 15 16 17 18 | 18.9
Dodging        | 3 4 5 6 7 8 |  8.3
Stealth        | 3 4 5 6 7 |  7.3
Spellcasting   | 3 4 5 6 7 9 10 11 12 13 | 13.0
Throwing       | 1 3 4 5 |  5.0
Fighting       | 1 2 3 4 |  4.9
Air Magic      | 3 5 6 8 10 12 13 15 17 | 17.4
Polearms       | 1 2 3 4 |  4.5
Charms         | 1 3 4 5 |  5.0
Poison Magic   | 1 2 |  2.4
Shields        | 1 2 |  2.9
Fire Magic     | 3 6 7 9 |  9.4
Maces & Flails | 1 2 3 |  3.4
Evocations     | 1 |  1.0
Hexes          | 1 |  1.0
Summonings     | 3 4 |  4.0
Translocations | |  0.8
Invocations    | |  0.6

Action                   |  1- 3 |  4- 6 |  7- 9 | 10-12 | 13-15 | 16-18 || total
-------------------------+-------+-------+-------+-------+-------+-------++-------
Melee: Dagger            |     9 |    64 |       |       |       |       ||    73
       Kick              |     2 |    16 |    35 |    36 |   145 |    63 ||   297
       Peck              |       |     7 |    30 |    31 |    99 |    34 ||   201
       Spear             |       |       |   240 |   191 |   354 |       ||   785
       Morningstar       |       |       |       |       |   283 |   209 ||   492
 Fire: Blowgun           |       |    25 |    80 |   178 |   244 |       ||   527
 Cast: Magic Dart        |    62 |   180 |   261 |   247 |   391 |   158 ||  1299
       Dazzling Spray    |       |     1 |    12 |    12 |    25 |    11 ||    61
       Mephitic Cloud    |       |       |    21 |    66 |   160 |    24 ||   271
       Iskenderun's Myst |       |       |     5 |    20 |    49 |     2 ||    76
       Iskenderun's Batt |       |       |       |    70 |   198 |    95 ||   363
       Airstrike         |       |       |       |    29 |   202 |   172 ||   403
       Throw Flame       |       |       |       |     6 |     2 |       ||     8
       Sticky Flame      |       |       |       |       |     8 |     9 ||    17
       Force Lance       |       |       |       |       |    29 |    30 ||    59
       Deflect Missiles  |       |       |       |       |     1 |     4 ||     5
       Summon Lightning  |       |       |       |       |       |     4 ||     4
Invok: Divine Energy     |       |       |     1 |       |       |       ||     1
       Channel Magic     |       |       |       |     2 |     1 |     1 ||     4
 Abil: Fly               |       |    24 |    35 |    45 |    21 |     1 ||   126
       Stop Flying       |       |       |       |       |     1 |     1 ||     2
       Evoke Blink       |       |       |       |       |       |     1 ||     1
Evoke: Wand              |       |       |     1 |     2 |    11 |     1 ||    15
       Lamp of fire      |       |       |       |     1 |     2 |       ||     3
       Sack of spiders   |       |       |       |       |     3 |       ||     3
  Use: Scroll            |     3 |    10 |     8 |    12 |    16 |    12 ||    61
       Potion            |       |       |     3 |       |     5 |     8 ||    16
 Stab: Sleeping          |       |     2 |     2 |     3 |     1 |     1 ||     9
       Confused          |       |       |     9 |    20 |    69 |     9 ||   107
       Invisible         |       |       |       |       |       |     1 ||     1
  Eat: Chunk             |     2 |    17 |    25 |    48 |    84 |    35 ||   211
       Fruit             |       |       |     2 |     3 |     6 |       ||    11
       Royal jelly       |       |       |       |     1 |       |       ||     1
       Beef jerky        |       |       |       |     6 |     2 |     1 ||     9
       Pizza             |       |       |       |     1 |       |       ||     1
       Bread ration      |       |       |       |       |     4 |     2 ||     6
Armor: Robe              |     5 |    26 |    54 |    13 |   119 |    37 ||   254
Dodge: Dodged            |    11 |    60 |   174 |   111 |   545 |   306 ||  1207
       Deflected         |       |       |       |       |       |    28 ||    28
Block: Buckler           |       |       |     1 |    23 |   168 |    99 ||   291
